 Dungeon Crawl Stone Soup version 0.19-a0-749-g66ae36b (webtiles) character file.

84 Ijustatesigmund the Skirmisher (level 4, -1/37 HPs)
             Began as a Formicid Hunter on June 24, 2016.
             Killed by divine providence
             ... invoked by an orc priest
              (10 damage)
             ... on level 3 of the Dungeon.
             The game lasted 00:06:20 (2346 turns).

Ijustatesigmund the Skirmisher (Formicid Hunter)    Turns: 2346, Time: 00:06:21

Health: -1/37      AC:  5    Str: 17    XL:     4   Next: 74%
Magic:  4/4        EV: 16    Int: 10    God:
Gold:   84         SH:  0    Dex: 17    Spells: 0 memorised, 3 levels left

rFire  . . .     SeeInvis +     a - +1 short sword
rCold  . . .     Gourm    .     j - +0 ring mail
rNeg   . . .     Faith    .     (no shield)
rPois  .         Spirit   .     (helmet unavailable)
rElec  .         Dismiss  .     (no cloak)
rCorr  .         Reflect  .     (no gloves)
SustAt .         Harm     .     (no boots)
MR     .....                    (no amulet)
Stlth  ++........               (no ring)
                                (no ring)

@: agile, not resistant to hostile enchantments, unstealthy
A: permanent stasis, dig shafts and tunnels, four strong arms, antennae 3
a: Dig, Shaft Self


You were on level 3 of the Dungeon.
You were not hungry.

You visited 1 branch of the dungeon, and saw 3 of its levels.

You collected 84 gold pieces.

Inventory:

Hand Weapons
 a - a +1 short sword (weapon)
Missiles
 c - 3 javelins (quivered)
 d - 2 throwing nets
Armour
 j - a +0 ring mail (worn)
Scrolls
 k - a scroll of remove curse
 m - a scroll of enchant weapon
Potions
 h - a potion of cancellation {unknown}
 i - a potion of cure mutation {unknown}
Comestibles
 b - 4 fruits
 f - a bread ration
 g - 2 meat rations
 l - a chunk of flesh


   Skills:
 + Level 4.1 Fighting
 - Level 4.0 Throwing
 - Level 2.5 Armour
 - Level 1.7 Dodging
 - Level 1.2 Stealth


You had 3 spell levels left.
You didn't know any spells.

Dungeon Overview and Level Annotations

Branches:
Dungeon (3/15)

Altars:
Okawaru


Innate Abilities, Weirdness & Mutations

You are under a permanent stasis effect.
You can dig through walls and to a lower floor.
Your four strong arms can wield two-handed weapons with a shield.
You have a pair of large antennae on your head. (SInv)


Message History

The orc priest hits you with a short sword.
You hit the orc priest.
The orc priest is lightly wounded.
The orc priest calls down the wrath of Beogh upon you.
Beogh smites you!
* * * LOW HITPOINT WARNING * * *
You feel agile all of a sudden.
The orc priest looks braver for a moment.
You barely miss the orc priest.
The orc priest is lightly wounded.
The orc priest misses you.
You hit the orc priest.
The orc priest is moderately wounded.
The orc priest barely misses you.
You closely miss the orc priest.
The orc priest is moderately wounded.
The orc priest misses you.
The orc priest invokes the aid of Beogh against you.
Beogh smites you!
You die...

##.............
#...#...#.#####
#...###...#.... #
#.........>....
#.##...##.##.....
#.........#......
####....###..##..
#####.............
#@ooo.........#.##
####J.............
#........<.....
#...........รท..
......##...[...
.J....##.....#.
#......##.......
#.)....##.......
#..............<


You could see 2 orc priests, an ooze and an orc.

Vanquished Creatures
  2 adders
  An ooze (D:2)
  3 worms
  A dart slug (D:3)
  A giant gecko (D:3)
  3 orcs (D:3)
  A ball python (D:2)
  5 bats
  3 giant cockroaches
  A goblin (D:1)
  4 hobgoblins
  4 jackals (D:2)
  7 kobolds
  3 giant newts
  10 rats
49 creatures vanquished.

Notes
Turn   | Place    | Note
--------------------------------------------------------------
     0 | D:1      | Ijustatesigmund the Formicid Hunter began the quest for the Orb.
     0 | D:1      | Reached XP level 1. HP: 16/16 MP: 1/1
    62 | D:1      | Reached skill level 1 in Armour
   356 | D:1      | Reached XP level 2. HP: 13/22 MP: 2/2
   989 | D:1      | Reached XP level 3. HP: 19/27 MP: 3/3
  1826 | D:2      | Reached XP level 4. HP: 26/35 MP: 4/4
  1844 | D:2      | Found an iron altar of Okawaru.
  2346 | D:3      | Killed from afar by an orc priest

Vault maps used:
D:1:      dpeg_arrival_prison, st_stairs_6
D:2:      okawaru_gym_becter
D:3:      portal_sewer_entry_e, uniq_terence

Skill      XL: |  1  2  3  4 |
---------------+-------------+-----
Armour         | 1 2 |  2.5
Fighting       | 3 4 |  4.1
Throwing       | |  4.0
Dodging        | |  1.7
Stealth        | |  1.2

Action                   |  1- 3 |  4- 6 || total
-------------------------+-------+-------++-------
Melee: Short sword       |   159 |    78 ||   237
Throw: Javelin           |    11 |    10 ||    21
 Abil: Dig               |     2 |     1 ||     3
  Use: Scroll            |     3 |     2 ||     5
       Potion            |       |     1 ||     1
 Stab: Sleeping          |     2 |       ||     2
  Eat: Chunk             |     3 |     2 ||     5
Armor: Leather armour    |    26 |       ||    26
       Ring mail         |    14 |    18 ||    32
Dodge: Dodged            |   112 |    46 ||   158
